 Dungeon Crawl Stone Soup version 0.17-a0-1636-g3119f2b (webtiles) character file.

370274 jyrma the Slayer (level 21, -22/319 (322) HPs)
             Began as a Minotaur Berserker on Aug 3, 2015.
             Was a High Priest of Trog.
             Annihilated by an azure jelly (35 damage)
             ... created by the royal jelly
             ... on level 6 of the Pits of Slime on Aug 6, 2015.
             The game lasted 05:44:08 (62378 turns).

jyrma the Slayer (Minotaur Berserker)              Turns: 62378, Time: 05:44:10

HP:   -22/319 (322) AC: 18    Str: 32    XL:     21   Next: 68%
MP:   28/28         EV: 23    Int:  2    God:    Trog [*****.]
Gold: 1071          SH:  0    Dex: 17    Spells: 0 memorised, 20 levels left

rFire  . . .     SeeInvis +     C - +9 glaive (vamp)
rCold  . . .     Clarity  .     E - +3 scale mail of Happiness {rPois rCorr Int-2 SInv}
rNeg   . . .     SustAt   +     (no shield)
rPois  +         Gourm    +     I - +2 hat
rElec  .         Spirit   .     Q - +2 cloak
rCorr  +         Warding  .     a - +1 pair of gloves "Meekhlice" {rPois Str+2}
rMut   .         Stasis   .     T - +2 pair of boots {run}
MR     ++++.                    g - amulet of the gourmand
Stlth  ..........               s - ring of protection from magic
                                K - ring of sustain attributes

@: berserking, corroded equipment, recuperating, mildly diseased, very quick,
incredibly resistant to hostile enchantments, extremely unstealthy
A: retaliatory headbutt, horns 2
a: Burn Spellbooks, Berserk, Trog's Hand, Brothers in Arms, Renounce Religion
}: 2/15 runes: barnacled, gossamer


You were on level 6 of the Pits of Slime.
You worshipped Trog.
Trog was extremely pleased with you.
You were full.

You visited 8 branches of the dungeon, and saw 48 of its levels.
You also visited: Ice Cave.

You collected 3746 gold pieces.
You spent 2675 gold pieces at shops.

Inventory:

Hand weapons
 C - a +9 vampiric glaive (weapon)
 S - a +2 demon whip of electrocution
 Y - the +6 glaive of Laceration {flame, +Inv rF+ Dex+3}
   (Trog gifted it to you on level 3 of the Pits of Slime)

   It has been specially enchanted to burn those struck by it, causing extra
   injury to most foes and up to half again as much damage against particularly
   susceptible opponents.
   Big, fiery blades are also staple armaments of hydra-hunters.
   It affects your dexterity (+3).
   It protects you from fire.
   It lets you turn invisible.
Missiles
 H - 9 throwing nets (quivered)
Armour
 a - the +1 pair of gloves "Meekhlice" (worn) {rPois Str+2}
   (You acquired it on level 2 of the Shoals)

   It affects your strength (+2).
   It protects you from poison.
 l - the +1 plate armour of Kaaroz {rF+}
   (You bought it in a shop on level 2 of the Shoals)

   It protects you from fire.
 w - a +3 plate armour of magic resistance
 E - the +3 scale mail of Happiness (worn) {rPois rCorr Int-2 SInv}
   (You found it on level 1 of the Spider Nest)

   It affects your intelligence (-2).
   It protects you from poison.
   It lets you see invisible.
   It protects you from acid and corrosion.
 G - the +0 plate armour of Pyrr {Dex+4 Slay+3}
   (You found it on level 1 of the Depths)

   It affects your dexterity (+4).
   It affects your accuracy and damage with ranged weapons and melee attacks
   (+3).
 I - a +2 hat (worn)
 Q - a +2 cloak (worn)
 T - a +2 pair of boots of running (worn)
 U - the +2 plate armour of Contentment {+Inv rC++ Str-4 Dex+2}
   (You bought it in a shop on level 2 of the Orcish Mines)

   It affects your strength (-4).
   It affects your dexterity (+2).
   It greatly protects you from cold.
   It lets you turn invisible.
Rods
 b - a +3 rod of ignition (9/9)
   (You found it on level 8 of the Dungeon)
Jewellery
 g - an amulet of the gourmand (around neck)
 h - an uncursed ring of fire
 s - a ring of protection from magic (right hand)
 K - a ring of sustain attributes (left hand)
 O - the ring "Guic" {Wiz rPois}
   (You found it on level 7 of the Lair of Beasts)

   [ring of wizardry]

   It improves your spell success rate.
   It protects you from poison.
 V - an uncursed amulet of regeneration
Magical devices
 r - a wand of cold (6)
 A - a wand of digging (3)
 F - a wand of fire (7)
 P - a wand of teleportation (4)
 Z - a wand of fire (7)
Scrolls
 n - 3 scrolls of enchant weapon
 o - 4 scrolls of enchant armour
 q - 2 scrolls of summoning
 x - 2 scrolls of fog
 y - 4 scrolls of recharging
 z - 2 scrolls of magic mapping
 L - a scroll of identify
 M - 9 scrolls of teleportation
 N - 5 scrolls of blinking
 W - 11 scrolls of remove curse
 X - 2 scrolls of fear
Potions
 d - a potion of berserk rage
 e - 3 potions of resistance
 i - 6 potions of haste
 j - 2 potions of invisibility
 k - 7 potions of might
 m - 6 potions of agility
 p - 10 potions of curing
 t - a potion of brilliance
 v - 3 potions of heal wounds
 J - 3 potions of cancellation
Comestibles
 c - 5 bread rations
 f - 9 beef jerkies
 u - 17 meat rations
 D - 16 slices of pizza


   Skills:
 + Level 24.6 Fighting
   Level 9.8 Short Blades
 - Level 20.7 Polearms
 - Level 19.2 Armour
 + Level 17.5 Dodging
 - Level 11.1 Evocations


You had 20 spell levels left.
You didn't know any spells.

Dungeon Overview and Level Annotations

Branches:
Dungeon (15/15)            Temple (0/1) D:6            Lair (8/8) D:10
 Shoals (4/4) Lair:4       Spider (4/4) Lair:5        Slime (6/6) Lair:6
    Orc (4/4) D:11         Vaults (4/5) D:13          Crypt (0/3) Vaults:2
 Depths (3/5) D:15
    Elf: Orc:3-4

Altars:
Ashenzari
Elyvilon
Gozag
Kikubaaqudgha
Makhleb
Nemelex Xobeh
Okawaru
Qazlal
Ru
Trog
Vehumet
Xom
Yredelemnul
The Shining One
Beogh
Jiyva

Shops:
D:8 }   D:9 ?   Orc:1 }   Orc:2 [*   Orc:4 :(!:   Shoals:2 [

Portals:
Hell: Depths:1 Depths:2

Annotations:
Lair:6 exclusion: 2 oklob plants
Vaults:4 Mara


Innate Abilities, Weirdness & Mutations

You reflexively headbutt those who attack you in melee.
You have a pair of horns on your head.


Message History

* * * LOW HITPOINT WARNING * * *
You headbutt the acid blob.
The acid blob is almost dead.
The acid blob spits acid at you. The splash of acid hits you! You resist.
* * * LOW HITPOINT WARNING * * *
The acid burns!
You resist.
* * * LOW HITPOINT WARNING * * *
The acid blob hits you!!
* * * LOW HITPOINT WARNING * * *
You are splashed with acid!
The acid burns!
You resist.
* * * LOW HITPOINT WARNING * * *
You open the acid blob like a pillowcase!!!
You kill the acid blob!
That felt strangely unrewarding.
The azure jelly hits you but does no damage.
The azure jelly hits you!
* * * LOW HITPOINT WARNING * * *
The azure jelly freezes you!!
You die...

,,,,,,****,*####.................
,,,,,**,*#..##!##................
,,,,**,,,##.#)=)##..........^....
,,,**,,,*#..##()(##..............
,,**,,,,,#.##))}[(##.............
,,**,,,,*#..##$:$$##.............
,,***,,*,##.#:#$$###.............
,,*******#JG########.............
,,,,*,,,*.JGJ#GJ@#J..............
,,*,,,*,..GGGJJ#J.J#.............
,,******##.G########.............
,,***,,*,##.#:#??###.............
,,**,,,,*#..##$[$?##.............
,,**,,,,,#.##):[[$##.............
,,,**,,,*#..##%=(##..............
,,,,**,,,##.#$$/##...............
.....#*,**,,**,*#...............,


You could see an acid blob, 2 azure jellies, a great orb of eyes, 2 slime
creatures, 2 shining eyes, 2 eyes of devastation, 3 death oozes, a jelly and 2
golden eyes.

Vanquished Creatures
  the royal jelly (Slime:6)
  Sojobo (Vaults:2)
  Saint Roka (Vaults:2)
  Nikola (Shoals:3)
  Jory (Vaults:2)
  Xtahua (Vaults:2)
  10 acid blobs
  2 sphinxes (Vaults:2)
  A kraken (Shoals:4)
  Polyphemus (Shoals:3)
  2 tengu reavers (Vaults:2)
  Frances (Lair:5)
  Kirke (Shoals:1)
  6 azure jellies
  Ilsuiw (Shoals:4)
  3 fire giants
  Donald (D:12)
  A balrug (Depths:1)
  Aizul (Vaults:2)
  Louise (Shoals:3)
  An orc warlord (Orc:4)
  6 vault wardens
  7 emperor scorpions
  2 ghost moths (Spider:4)
  8 ironheart preservers
  3 very ugly things (Depths:2)
  8 stone giants
  Azrael (Orc:4)
  A dire elephant (D:15)
  The ghost of jyrma the Spear-Bearer, a powerful MiBe of Trog (D:12)
  7 merfolk javelineers
  A vault guard (Vaults:2)
  Snorg (Lair:4)
  4 death oozes
  A deep elf death mage (Vaults:1)
  13 merfolk impalers
  4 entropy weavers
  Josephine (D:15)
  2 ettins
  9 fire dragons
  3 ogre magi
  2 yaktaur captains
  6 hydras
  5 ice dragons
  8 great orbs of eyes
  4 merfolk avatars
  2 catoblepae
  7 centaur warriors
  3 merfolk aquamancers
  7 satyrs
  6 orc high priests (Orc:4)
  4 deep troll earth magi
  3 deep troll shamans (Depths:1)
  21 death yaks
  2 sun demons (Depths:1)
  5 deep elf knights
  17 deep trolls
  A fire crab (Lair:5)
  A shadow wraith (Vaults:3)
  10 sea snakes
  A skeletal warrior (D:13)
  A death drake (shapeshifter) (D:15)
  A necromancer (Vaults:2)
  2 unseen horrors
  A deep elf summoner (Vaults:1)
  8 ironbrand convokers
  16 harpies
  Pikel (D:7)
  2 wizards
  A giant orange brain (Slime:5)
  3 hill giants
  8 manticores
  17 orc knights
  23 wolf spiders
  14 orb spiders
  6 griffons
  27 ugly things
  9 hornets
  4 shining eyes
  7 orc sorcerers
  35 elephants
  A moth of wrath (Spider:4)
  7 cyclopes
  3 centaur zombies
  21 fauns
  6 water nymphs
  Maurice (D:11)
  3 salamanders
  10 sirens
  A torpor snail (Spider:4)
  9 vault sentinels
  Psyche (D:11)
  An eye of devastation (Slime:4)
  7 black mambas
  3 gargoyles
  8 komodo dragons
  A fire drake (Lair:8)
  26 yaktaurs
  14 demonic crawlers
  15 spiny frogs
  A deep elf priest (Vaults:4)
  11 trolls
  3 kobold demonologists
  17 jumping spiders
  3 polar bears
  4 tengu conjurers
  4 freezing wraiths
  41 merfolk
  2 boulder beetles
  13 two-headed ogres
  Prince Ribbit (D:5)
  28 blink frogs
  4 wind drakes
  6 snapping turtles
  134 slime creatures
  63 redbacks
  A flying skull (Vaults:2)
  5 deep elf magi
  2 vampires
  4 wyverns
  A spriggan (Lair:4)
  2 shadows
  29 trapdoor spiders
  29 tarantellas
  6 basilisks
  4 fire elementals
  6 water elementals
  2 hungry ghosts
  Eustachio (D:4)
  4 hogs (Shoals:1)
  11 vampire mosquitoes
  8 deep elf fighters
  5 golden eyes (Slime:5)
  6 wraiths
  71 yaks
  A yaktaur simulacrum (Vaults:2)
  9 hippogriffs
  A basilisk (shapeshifter) (Vaults:2)
  16 humans
  Edmund (D:4)
  21 wolves
  9 wargs
  14 porcupines
  4 hell hounds
  68 orc warriors
  3 mottled dragons
  4 sky beasts
  31 water moccasins
  4 slaves (D:7)
  39 spiders
  6 wasps
  17 ice beasts
  An eye of draining (shapeshifter) (Vaults:1)
  6 eyes of draining
  3 black bears
  31 ogres
  3 necrophages
  2 phantoms
  15 centaurs
  16 crocodiles
  Blork the orc (D:5)
  4 big kobolds
  A wyvern zombie (D:9)
  27 giant frogs
  A wyvern skeleton (D:8)
  A water moccasin zombie (D:6)
  5 scorpions
  18 wights
  3 electric eels
  4 killer bees (D:9)
  12 crimson imps
  19 jellies
  A quasit (D:11)
  2 giant frog zombies
  43 orc priests
  Crazy Yiuf (D:2)
  7 iguanas
  38 orc wizards
  11 worker ants
  8 centaur skeletons
  2 giant frog skeletons
  6 hell rats (Lair:7)
  5 hounds
  39 sheep
  A hound skeleton (D:10)
  8 gnolls
  93 river rats
  3 worker ant zombies
  15 adders
  5 shadow imps
  2 oozes
  2 adder skeletons (D:8)
  6 worms
  3 giant geckos
  332 orcs
  4 bats
  2 bat zombies (D:5)
  5 goblins
  2 hobgoblins
  17 jackals
  3 quokkas
  A ball python (D:4)
  4 giant cockroaches
  A giant gecko skeleton (D:7)
  10 giant newts
  14 kobolds
  12 rats
  A rat zombie (D:5)
  A fungus (Lair:4)
  3 plants
  A tentacle (Shoals:3)
2228 creatures vanquished.

Vanquished Creatures (collateral kills)
  A vault warden (Vaults:2)
  A crystal guardian (Vaults:3)
  A ghost crab (shapeshifter) (Vaults:3)
  A yaktaur (Vaults:3)
  A merfolk (Shoals:4)
  A vampire (Vaults:2)
  A centaur (Vaults:2)
  A quokka (D:10)
8 creatures vanquished.

Vanquished Creatures (others)
  A ghost moth (Spider:4)
  An ogre mage (Vaults:4)
  3 yaktaurs (Vaults:3)
  2 trapdoor spiders (Spider:4)
  A redback (Spider:4)
  A human (Shoals:1)
  A spider (Spider:2)
  A centaur (Vaults:3)
  An orc wizard (Orc:4)
  A worker ant (D:6)
  An adder (D:6)
  3 orcs (Orc:4)
  41 fungi
  17 plants
  18 tentacles
  439 tentacle segments
532 creatures vanquished.

Grand Total: 2768 creatures vanquished

Notes
Turn   | Place    | Note
--------------------------------------------------------------
     0 | D:1      | jyrma the Minotaur Berserker began the quest for the Orb.
     0 | D:1      | Reached XP level 1. HP: 19/19 MP: 0/0
   119 | D:1      | Reached skill level 4 in Polearms
   218 | D:1      | Reached XP level 2. HP: 26/26 MP: 1/1
   499 | D:1      | Acquired Trog's second power
  1131 | D:2      | Reached skill level 5 in Polearms
  1303 | D:2      | Reached XP level 3. HP: 31/31 MP: 2/2
  1746 | D:2      | Noticed Crazy Yiuf
  1801 | D:2      | Killed Crazy Yiuf
  1801 | D:2      | Reached skill level 6 in Polearms
  1801 | D:2      | Reached XP level 4. HP: 39/39 MP: 3/3
  3025 | D:3      | Found a shattered altar of Ashenzari.
  3443 | D:4      | Reached skill level 7 in Polearms
  3443 | D:4      | Reached XP level 5. HP: 45/45 MP: 4/4
  3647 | D:4      | Reached skill level 8 in Polearms
  3651 | D:4      | Reached XP level 6. HP: 51/51 MP: 5/5
  3812 | D:4      | Found an iron altar of Okawaru.
  3812 | D:4      | Found a sacrificial altar of Ru.
  3813 | D:4      | Found a shimmering altar of Xom.
  3815 | D:4      | Found an opulent altar of Gozag.
  3815 | D:4      | Found a basalt altar of Yredelemnul.
  3817 | D:4      | Found a stormy altar of Qazlal.
  3817 | D:4      | Noticed Edmund
  4048 | D:5      | Entered Level 5 of the Dungeon
  4116 | D:5      | Reached skill level 9 in Polearms
  4177 | D:5      | Noticed Prince Ribbit
  4196 | D:5      | Killed Prince Ribbit
  4196 | D:5      | Reached skill level 10 in Polearms
  4196 | D:5      | Reached XP level 7. HP: 57/57 MP: 6/6
  4686 | D:5      | Found an ancient bone altar of Kikubaaqudgha.
  4831 | D:5      | Found a glowing golden altar of the Shining One.
  4901 | D:5      | Noticed Blork the orc
  4917 | D:5      | Reached skill level 11 in Polearms
  4932 | D:5      | Killed Blork the orc
  5162 | D:5      | Reached XP level 8. HP: 64/64 MP: 7/7
  5198 | D:4      | Noticed Eustachio
  5227 | D:4      | Killed Eustachio
  5227 | D:4      | Reached skill level 12 in Polearms
  5267 | D:4      | Noticed an ogre
  5278 | D:4      | Killed an ogre
  5403 | D:4      | Noticed a moth of wrath
  5406 | D:4      | Found a bloodstained altar of Trog.
  5657 | D:4      | Killed Edmund
  6168 | D:6      | Reached skill level 13 in Polearms
  6518 | D:6      | Reached skill level 1 in Short Blades
  6751 | D:6      | Reached XP level 9. HP: 63/70 MP: 8/8
  6840 | D:6      | Found a staircase to the Ecumenical Temple.
  7296 | D:7      | Reached skill level 5 in Short Blades
  7477 | D:7      | Acquired Trog's third power
  7547 | D:7      | Found a sparkling altar of Nemelex Xobeh.
  7571 | D:7      | Found a sparkling altar of Nemelex Xobeh.
  8020 | D:7      | Noticed Pikel
  8043 | D:7      | Killed Pikel
  8044 | D:7      | Reached XP level 10. HP: 77/77 MP: 9/9
  8158 | D:7      | Found a burning altar of Makhleb.
  8660 | D:8      | Reached skill level 5 in Fighting
  8789 | D:8      | Found Divvuu's Gadget Shop.
  8895 | D:8      | Identified a cursed +3 rod of ignition (9/9) (You found it on level 8 of the Dungeon)
  9038 | D:8      | Noticed a cyclops
  9099 | D:8      | Noticed a hill giant
  9369 | D:9      | Found Rutack's Magic Scroll Boutique.
  9396 | D:9      | Bought a scroll of teleportation for 45 gold pieces
  9396 | D:9      | Bought a scroll of teleportation for 45 gold pieces
  9396 | D:9      | Bought a scroll of identify for 30 gold pieces
 10113 | D:9      | Received a gift from Trog
 10571 | D:9      | Reached skill level 10 in Fighting
 10612 | D:9      | Noticed a three-headed hydra
 10620 | D:9      | Killed a three-headed hydra
 10704 | D:10     | Entered Level 10 of the Dungeon
 10708 | D:10     | Reached XP level 11. HP: 100/102 MP: 10/10
 11077 | D:10     | Reached skill level 5 in Armour
 11164 | D:10     | Found a staircase to the Lair.
 12103 | D:11     | Noticed Psyche
 12109 | D:11     | Killed Psyche
 12226 | D:11     | Found a roughly hewn altar of Beogh.
 12232 | D:11     | Found a staircase to the Orcish Mines.
 12370 | D:11     | Received a gift from Trog
 12469 | D:11     | Noticed Maurice
 12482 | D:11     | Killed Maurice
 12625 | D:11     | Reached XP level 12. HP: 108/115 MP: 11/11
 13584 | D:11     | Noticed a hill giant
 13589 | D:11     | Killed a hill giant
 13589 | D:11     | Reached skill level 14 in Fighting
 13831 | D:12     | Noticed jyrma's ghost (powerful MiBe)
 13855 | D:12     | Killed jyrma's ghost
 13855 | D:12     | Reached skill level 10 in Armour
 14002 | D:12     | Found a radiant altar of Vehumet.
 14652 | D:12     | Reached skill level 15 in Fighting
 14979 | Lair:1   | Entered Level 1 of the Lair of Beasts
 15198 | Lair:1   | Found a frozen archway.
 15246 | IceCv    | Entered an ice cave
 15328 | IceCv    | HP: 6/121 [ice statue/shard of ice (10)]
 15803 | Lair:1   | Reached XP level 13. HP: 126/128 MP: 12/12
 16099 | Lair:1   | Noticed an eight-headed hydra
 16106 | Lair:1   | Killed an eight-headed hydra
 16106 | Lair:1   | Reached skill level 16 in Fighting
 16780 | Lair:2   | Received a gift from Trog
 18626 | Lair:3   | Received a gift from Trog
 18825 | Lair:4   | Found a staircase to the Shoals.
 19097 | Lair:4   | Reached skill level 1 in Evocations
 20087 | Lair:4   | Reached XP level 14. HP: 138/138 MP: 15/15
 20297 | Lair:4   | Reached skill level 15 in Polearms
 20546 | Lair:5   | Noticed Snorg
 20564 | Lair:4   | Killed Snorg
 20631 | Lair:5   | Received a gift from Trog
 21025 | Lair:5   | Found a hole to the Spider Nest.
 22157 | Lair:6   | Found a viscous altar of Jiyva.
 22158 | Lair:6   | Found a staircase to the Slime Pits.
 22516 | Lair:6   | Reached skill level 17 in Polearms
 22997 | Lair:7   | Received a gift from Trog
 23005 | Lair:7   | Got a vibrating tin ring
 23190 | Lair:7   | Identified the ring "Guic" {Wiz rPois} (You found it on level 7 of the Lair of Beasts)
 23911 | Lair:8   | Entered Level 8 of the Lair of Beasts
 23920 | Lair:7   | Reached skill level 18 in Polearms
 24264 | Lair:8   | Reached XP level 15. HP: 78/146 MP: 16/16
 24525 | Lair:8   | Reached skill level 19 in Polearms
 24535 | Lair:8   | Received a gift from Trog
 25691 | Spider:1 | Entered Level 1 of the Spider Nest
 25714 | Lair:5   | Reached skill level 20 in Polearms
 26001 | Spider:1 | Noticed Frances
 26147 | Lair:5   | Upgraded the game from 0.17-a0-1632-g0af21bd to 0.17-a0-1634-g6672d08
 26426 | D:13     | Found a gate to the Vaults.
 26426 | D:13     | Noticed Donald
 26466 | D:12     | Killed Donald
 27201 | D:13     | Received a gift from Trog
 27207 | D:13     | Got a bloodstained triple sword {god gift}
 27541 | D:14     | Reached skill level 5 in Dodging
 27767 | D:14     | You fall through a shaft!
 27767 | D:15     | Entered Level 15 of the Dungeon
 28441 | D:14     | Reached XP level 16. HP: 117/154 MP: 17/17
 28735 | D:15     | Found a shattered altar of Ashenzari.
 28738 | D:15     | Noticed Josephine
 28751 | D:15     | Killed Josephine
 28856 | D:15     | Reached skill level 15 in Armour
 29078 | D:15     | Found a white marble altar of Elyvilon.
 29190 | D:15     | Found a staircase to the Depths.
 29389 | D:15     | Found a glowing golden altar of the Shining One.
 29694 | Orc:1    | Entered Level 1 of the Orcish Mines
 29824 | Orc:1    | Found Meomajuqe's Gadget Boutique.
 30120 | Orc:1    | Received a gift from Trog
 30286 | Orc:2    | Found Feovvud's Assorted Antiques.
 30302 | Orc:2    | Found Xade's Antique Armour Emporium.
 30439 | Orc:2    | Bought a bloodstained plate armour for 504 gold pieces
 30449 | Orc:2    | Identified the +2 plate armour of Contentment {+Inv rC++ Str-4 Dex+2} (You bought it in a shop on level 2 of the Orcish Mines)
 30463 | Orc:2    | Bought a fuming clear potion for 16 gold pieces
 30463 | Orc:2    | Bought a purple potion for 16 gold pieces
 30463 | Orc:2    | Bought a glowing mace for 54 gold pieces
 30463 | Orc:2    | Bought a fizzy green potion for 16 gold pieces
 30463 | Orc:2    | Bought a fuming ruby potion for 16 gold pieces
 30469 | Orc:2    | Bought a potion of haste for 180 gold pieces
 30483 | Orc:2    | Bought a pair of glowing boots for 153 gold pieces
 30488 | Orc:2    | Identified a +2 pair of boots of running (You bought it in a shop on level 2 of the Orcish Mines)
 31115 | Orc:4    | Entered Level 4 of the Orcish Mines
 31127 | Orc:4    | Noticed Azrael
 31282 | Orc:4    | Received a gift from Trog
 32266 | Orc:4    | Found a roughly hewn altar of Beogh.
 32267 | Orc:4    | Found Duusmin's Book Emporium.
 32274 | Orc:4    | Received a gift from Trog
 32275 | Orc:4    | Found Jahuzewu's Distillery.
 32297 | Orc:4    | Bought a potion of heal wounds for 60 gold pieces
 32322 | Orc:4    | Bought a potion of resistance for 120 gold pieces
 32343 | Orc:4    | Killed Azrael
 32680 | Orc:4    | Paralysed by an orc sorcerer for 2 turns
 33129 | Orc:4    | Found a roughly hewn altar of Beogh.
 33337 | Orc:4    | Found Pumuits's Book Emporium.
 33571 | Orc:4    | Found Eckif's Antique Weapon Shoppe.
 33604 | Orc:4    | Received a gift from Trog
 34261 | Lair:5   | Killed Frances
 35043 | Spider:1 | Received a gift from Trog
 35172 | Spider:1 | Reached skill level 10 in Dodging
 35759 | Orc:2    | Bought 2 potions of curing for 108 gold pieces
 35759 | Orc:2    | Bought a potion of curing for 54 gold pieces
 35759 | Orc:2    | Bought a potion of curing for 54 gold pieces
 36091 | Spider:1 | Got a pitted scale mail
 36132 | Lair:5   | Identified the +3 scale mail of Happiness {rPois rCorr Int-2 SInv} (You found it on level 1 of the Spider Nest)
 37437 | Spider:3 | Received a gift from Trog
 37496 | Spider:3 | Reached XP level 17. HP: 168/168 MP: 18/18
 38393 | Spider:4 | Entered Level 4 of the Spider Nest
 38941 | Spider:4 | Received a gift from Trog
 41016 | Spider:4 | Got a gossamer rune of Zot
 41239 | Shoals:1 | Entered Level 1 of the Shoals
 41265 | Shoals:1 | Received a gift from Trog
 41286 | Shoals:1 | Noticed Kirke
 41313 | Shoals:1 | Killed Kirke
 41928 | Shoals:1 | Reached XP level 18. HP: 180/180 MP: 19/19
 41990 | Shoals:2 | Received a gift from Trog
 42422 | Shoals:2 | Reached skill level 21 in Fighting
 42561 | Shoals:3 | Noticed Polyphemus
 42580 | Shoals:3 | Killed Polyphemus
 42648 | Shoals:3 | Noticed Louise
 42667 | Shoals:3 | Killed Louise
 42744 | Shoals:4 | Entered Level 4 of the Shoals
 42789 | Shoals:3 | Received a gift from Trog
 42914 | Shoals:3 | Noticed Nikola
 43143 | Shoals:3 | Reached skill level 5 in Evocations
 43747 | Shoals:3 | Killed Nikola
 44857 | Shoals:2 | Identified 2 scrolls of acquirement
 44861 | Shoals:2 | Got a faintly glowing buckler
 44863 | Shoals:2 | Got a pair of distressingly furry gloves
 44874 | Shoals:2 | Identified the +1 pair of gloves "Meekhlice" {rPois Str+2} (You acquired it on level 2 of the Shoals)
 45202 | Shoals:2 | Found Yviergh's Antique Armour Shoppe.
 46472 | Shoals:4 | Received a gift from Trog
 46661 | Shoals:4 | Noticed Ilsuiw
 46743 | Shoals:4 | Killed Ilsuiw
 46981 | Shoals:4 | Reached XP level 19. HP: 191/191 MP: 24/24
 47199 | Shoals:4 | Got a barnacled rune of Zot
 47216 | Shoals:4 | Upgraded the game from 0.17-a0-1634-g6672d08 to 0.17-a0-1635-gd4e48f1
 47272 | Shoals:4 | Received a gift from Trog
 47740 | Shoals:2 | Bought a smoking plate armour for 1204 gold pieces
 47754 | Shoals:2 | Identified the +1 plate armour of Kaaroz {rF+} (You bought it in a shop on level 2 of the Shoals)
 48003 | Vaults:1 | Entered Level 1 of the Vaults
 48151 | Vaults:1 | Reached skill level 22 in Fighting
 48694 | Vaults:1 | Found a stormy altar of Qazlal.
 48778 | Vaults:1 | Received a gift from Trog
 49019 | Vaults:1 | Got an encrusted chain mail
 49030 | Vaults:1 | Identified the +1 chain mail "Acsec" {Slay+2} (You found it on level 1 of the Vaults)
 49176 | Vaults:2 | Noticed Aizul
 49191 | Vaults:2 | Killed Aizul
 49371 | Vaults:2 | Reached skill level 15 in Dodging
 49522 | Vaults:2 | Noticed Xtahua
 49541 | Vaults:2 | Killed Xtahua
 49716 | Vaults:2 | Noticed Sojobo
 50032 | Vaults:2 | Killed Sojobo
 50048 | Vaults:2 | Found a staircase to the Crypt.
 50205 | Vaults:2 | Received a gift from Trog
 50367 | Vaults:2 | Received a gift from Trog
 50458 | Vaults:2 | Noticed Jory
 50475 | Vaults:2 | Killed Jory
 50658 | Vaults:2 | Noticed Saint Roka
 50679 | Vaults:2 | Killed Saint Roka
 50679 | Vaults:2 | Reached skill level 23 in Fighting
 51653 | Vaults:2 | Reached XP level 20. HP: 173/204 MP: 25/25
 51684 | Vaults:2 | Upgraded the game from 0.17-a0-1635-gd4e48f1 to 0.17-a0-1636-g3119f2b
 51925 | Vaults:3 | Paralysed by a sphinx for 6 turns
 52239 | Vaults:3 | Received a gift from Trog
 54408 | Vaults:4 | Received a gift from Trog
 54459 | Vaults:4 | Noticed Mara
 54476 | Vaults:4 | Noticed jyrma's illusion
 54754 | Vaults:4 | Noticed jyrma's illusion
 55338 | Slime:1  | Entered Level 1 of the Pits of Slime
 55368 | Slime:1  | Reached skill level 10 in Evocations
 56334 | Slime:3  | Received a gift from Trog
 56351 | Slime:3  | Got a bloodstained glaive {god gift}
 56590 | Slime:4  | Paralysed by a great orb of eyes for 6 turns
 56590 | Slime:4  | Gained mutation: Scrolls take you a little longer to read. [a shining eye]
 56592 | Slime:4  | Lost mutation: Scrolls take you a little longer to read. [a shining eye]
 56593 | Slime:4  | Gained mutation: You occasionally shout uncontrollably at your foes. [a shining eye]
 56596 | Slime:4  | Gained mutation: Your spells are a little easier to cast, but a little less powerful. [a shining eye]
 56600 | Slime:4  | Gained mutation: You expend magic power (3 MP) to strengthen your wands. [a shining eye]
 56602 | Slime:4  | Gained mutation: You tend to lose your temper in combat. [a shining eye]
 56604 | Slime:4  | Gained mutation: Your body sometimes deteriorates upon taking damage. [a shining eye]
 56608 | Slime:4  | Gained mutation: You are frail (-10% HP). [a shining eye]
 57169 | Slime:5  | Received a gift from Trog
 57409 | Slime:5  | Received a gift from Trog
 57422 | Slime:5  | Reached XP level 21. HP: 178/190 MP: 28/28
 57504 | Slime:6  | Entered Level 6 of the Pits of Slime
 57996 | Slime:4  | Identified the +6 glaive of Laceration {flame, +Inv rF+ Dex+3} (Trog gifted it to you on level 3 of the Pits of Slime)
 58542 | Slime:3  | Gained mutation: Armour fits poorly on your strangely shaped body. [a shining eye]
 58550 | Slime:3  | Gained mutation: You are clumsy. (Dex -2) [a shining eye]
 59015 | Depths:1 | Entered Level 1 of the Depths
 59110 | Depths:1 | Identified the Catalogue of Attacks
 59177 | Depths:1 | Received a gift from Trog
 59410 | Depths:1 | Found a gateway to Hell.
 59416 | Depths:1 | Got a bloodstained plate armour
 59432 | Depths:1 | Identified the cursed +0 plate armour of Pyrr {Dex+4 Slay+3} (You found it on level 1 of the Depths)
 59764 | Depths:1 | Reached skill level 24 in Fighting
 61228 | Depths:1 | Lost mutation: You expend magic power (3 MP) to strengthen your wands. [potion of cure mutation]
 61228 | Depths:1 | Lost mutation: You are frail (-10% HP). [potion of cure mutation]
 61377 | Depths:1 | Lost mutation: You occasionally shout uncontrollably at your foes. [potion of cure mutation]
 61377 | Depths:1 | Lost mutation: Your spells are a little easier to cast, but a little less powerful. [potion of cure mutation]
 61377 | Depths:1 | Lost mutation: Your body sometimes deteriorates upon taking damage. [potion of cure mutation]
 61378 | Depths:1 | Lost mutation: Armour fits poorly on your strangely shaped body. [potion of cure mutation]
 61378 | Depths:1 | Lost mutation: You tend to lose your temper in combat. [potion of cure mutation]
 61378 | Depths:1 | Lost mutation: You are clumsy. (Dex -2) [potion of cure mutation]
 62355 | Slime:6  | Noticed the royal jelly
 62368 | Slime:6  | Killed the royal jelly
 62378 | Slime:6  | HP: 13/319 [azure jelly[the royal jelly] (8)]
 62378 | Slime:6  | Annihilated by an azure jelly

Vault maps used:
D:1:      dpeg_arrival_chase, st_stairs_9
D:2:      dk_noncrumbling_2, uniq_crazy_yiuf_cottage
D:3:      ashenzari_conservatory_becter, nrook_mini_vaults
D:4:      grunt_temple_overflow_open, tgw_trog, uniq_eustachio, uniq_edmund
D:5:      lemuel_zombie_altar_kikubaaqudgha, tso_oasis_becter, first_bread,
          abandoned_shop, uniq_prince_ribbit1, uniq_blork_the_orc
D:6:      lemuel_temple_firewalk_marked, amalloy_card_club
D:7:      kennysheep_little_box, nemelex_xobeh_ov_fountains_minmay, basic_altar,
          uniq_pikel
D:8:      minmay_cut_squares, serial_shops, nicolae_shop_statue_plus
D:9:      serial_shops, nicolae_shop_temple_entry_statues_fountains,
          hangedman_ranch
D:10:     minmay_lair_entry_grove, kennysheep_generic_room_16
D:11:     david_orc_5, uniq_maurice, uniq_psyche
D:12:     basic_altar, kennysheep_generic_room_15
D:13:     david_vaults_3
D:14:     kennysheep_generic_room_6
D:15:     hangedman_depths_entry_try_elsewhere_first,
          nicolae_tso_swordbearing_angel, hangedman_feature_mirror,
          uniq_josephine
Lair:1:   portal_ice_cave_entry_ice_beasts, st_stairs_9, serial_bayou_shore_b
Lair:2:   grunt_megastairs_1
Lair:3:   grunt_megastairs_4
Lair:4:   mu_elephants_graveyard, minmay_shoals_entry_centaurs,
          grunt_forest_stairs_clearing
Lair:5:   nicolae_spider_entry_tight_spaces, uniq_snorg
Lair:6:   slime_altar_1, disabler_island
Lair:8:   due_jungle_book
Shoals:1: uniq_kirke
Shoals:2: serial_shops, shop
Shoals:3: uniq_nikola, uniq_polyphemus, uniq_louise
Shoals:4: shoals_end_hangedman, shoals_ilsuiw_alternative
Spider:1: uniq_frances
Spider:4: grunt_spider_rune_parallel, spider_trap
Orc:1:    serial_shops, shop
Orc:2:    serial_shops, shop, shop
Orc:3:    serial_shops, shop, nicolae_orc_pool_cavern
Orc:4:    pubby_orc_utopia, uniq_azrael
Vaults:1: nicolae_vaults_little_squares_4, v_misc_16, hangedman_vaults_nails,
          vaults_standard_mumra_lines, grunt_vaults_trifunnel,
          vaults_mumra_chevron, ontoclasm_vaults_loading_screen,
          nicolae_vaults_theta, nicolae_vaults_rhombus_5,
          vaults_mumra_chevron_long, basic_altar
Vaults:2: st_squares, v_misc_19, minmay_crypt_entry_simple_round, v_misc_1,
          v_misc_17, hangedman_vaults_corner_blocks, vaults_room_fours,
          nicolae_vaults_angled_halls, v_rooms_3, ontoclasm_vaults_chip,
          uniq_xtahua, uniq_jory, uniq_sojobo, uniq_aizul, uniq_saint_roka
Vaults:3: v_misc_22, vaults_mumra_minichess_inversion,
          nicolae_vaults_little_squares_6, nicolae_vaults_theta,
          ontoclasm_vaults_twist, nicolae_vaults_alarming,
          vaults_room_door_ring, hangedman_vaults_variations, v_misc_10,
          vaults_standard_mumra_x, v_misc_3, nicolae_vaults_murderbox
Vaults:4: kb_rosetta, nicolae_vaults_ring_of_whatevers, v_misc_14,
          vaults_room_pools, hangedman_vaults_stream,
          nicolae_vaults_yaktaur_gun_rack, hangedman_vaults_locks,
          ontoclasm_vaults_chip, nicolae_vaults_little_squares_3,
          vaults_room_mumra_shop_pool, ontoclasm_vaults_loading_screen,
          uniq_mara
Depths:1: lightli_too_deep, minmay_misc_feat_rows, columned_hall_lemuel,
          kennysheep_small_spiral, statue_in_the_mist_lemuel,
          hangedman_decor_push, kennysheep_generic_room_9
Depths:2: nicolae_whirlpool, hell_entry, rand_demon_pan_entry_1,
          minmay_misc_feat_more_columns, grunt_megastairs_3,
          minmay_staircase_bubble, basic_stair_grate_trap
Depths:3: due_chaos_kobolds, serial_sigils_hangedman_etch, hell_entry,
          grunt_pan_entry_spiral, sword_in_stone, uniq_mennas
IceCv:    ice_cave_statue_garden_01

Action                   |  1- 3 |  4- 6 |  7- 9 | 10-12 | 13-15 | 16-18 | 19-21 || total
-------------------------+-------+-------+-------+-------+-------+-------+-------++-------
Melee: Spear             |   114 |   177 |   183 |       |       |       |       ||   474
       Pair of quick bla |       |       |   169 |   803 |   365 |       |       ||  1337
       Glaive            |       |       |       |       |  1086 |  2500 |  1798 ||  5384
Throw: Tomahawk          |       |       |       |     2 |       |     3 |       ||     5
Invok: Trog's Hand       |     1 |     4 |     7 |    16 |    11 |    34 |    21 ||    94
       Berserk           |     1 |     3 |     5 |    12 |     9 |    12 |     9 ||    51
       Burn Spellbooks   |       |       |       |     1 |     1 |     5 |     2 ||     9
       Brothers in Arms  |       |       |       |     1 |       |     1 |     6 ||     8
Evoke: Rod               |       |       |       |     3 |       |       |       ||     3
       Wand              |       |       |       |       |       |     1 |     1 ||     2
  Use: Scroll            |     2 |     3 |     4 |     4 |    16 |    20 |    16 ||    65
       Potion            |       |     1 |       |       |       |    17 |     8 ||    26
 Stab: Sleeping          |     1 |       |       |       |       |       |       ||     1
       Distracted        |       |       |       |       |       |     2 |       ||     2
  Eat: Chunk             |     2 |     6 |    12 |    23 |    60 |    73 |    49 ||   225
       Bread ration      |       |     1 |     2 |     1 |     1 |     6 |     4 ||    15
       Fruit             |       |     1 |       |    12 |     6 |     3 |       ||    22
       Royal jelly       |       |       |     1 |       |       |       |       ||     1
